Map: Orbital Shipyard

Players

MostPowerful - Winner!

  • Race: Terran Terran
  • League: Platinum

Grumm

  • Race: Protoss Protoss
  • League: Gold

VOD

Have the link to the VOD?

Description

Time

  • Played on: Feb. 3, 2016, 12:45 a.m.
  • Length: 14:23
Show
View Real Time Build Order
Export as new Build Order

MostPowerful Terran - Winner!

Build Orders: Command Center First (CC), MMM Bio 

Get SALT Encoding   

  12  0:01  SCV  
  13  0:13  SCV  
  14  0:19  Supply Depot  
  14  0:25  SCV  
  15  0:41  SCV  
  16  0:53  SCV  
  17  1:01  Command Center  
  17  1:12  Barracks  
  17  1:14  SCV  
  18  1:25  Barracks  
  18  1:28  SCV  
  19  1:39  Barracks  
  19  1:43  SCV  
  20  1:55  SCV  
  20  2:00  Marine  
  22  2:07  Orbital Command  
  22  2:13  Orbital Command  
  22  2:16  Marine  
  23  2:25  Marine  
  23  2:29  Marine  
  25  2:33  SCV  
  26  2:40  Refinery  
  26  2:41  Refinery  
  26  2:42  SCV  
  26  2:44  Marine x2  
  27  2:45  SCV  
  30  3:05  SCV x2  
  32  3:06  Marine x2  
  32  3:07  Marine  
  35  3:17  SCV x2  
  37  3:27  Engineering Bay  
  37  3:28  Supply Depot  
  37  3:31  Engineering Bay  
  37  3:35  Barracks  
  37  3:37  Marine  
  37  3:39  Barracks  
  38  3:47  Refinery  
  38  3:48  Refinery  
  38  3:49  Marine x2  
  38  3:50  SCV x2  
  42  3:57  Barracks Tech Lab  
  42  4:02  SCV x2  
  44  4:07  Barracks Tech Lab  
  44  4:08  Barracks Reactor  
  44  4:14  SCV x2  
  45  4:26  SCV  
  45  4:28  Terran Infantry Weapons Level 1  
  46  4:32  Supply Depot  
  46  4:36  Supply Depot  
  46  4:40  Stimpack  
  46  4:44  Concussive Shells  
  46  4:48  Barracks Tech Lab  
  46  4:51  Barracks Reactor  
  46  4:54  Marauder x2, Marine x2, SCV x2  
  54  5:03  Factory  
  54  5:06  SCV x2  
  56  5:12  Supply Depot  
  56  5:14  Supply Depot  
  56  5:17  Marine x2  
  56  5:18  Marauder x2  
  50  5:42  Orbital Command  
  45  5:58  SCV  
  46  6:06  Marine x3  
  46  6:07  Marauder x2  
  46  6:10  SCV  
  54  6:12  SCV  
  55  6:20  Supply Depot  
  55  6:22  SCV  
  55  6:24  SCV  
  57  6:29  Starport  
  57  6:32  Factory Reactor  
  57  6:34  SCV  
  57  6:37  Marine  
  57  6:38  Marine  
  60  6:45  Combat Shields  
  60  6:52  Terran Infantry Armor Level 1  
  60  6:56  SCV  
  60  6:58  SCV  
  62  7:09  Widow Mine x2, Starport Reactor  
  59  7:25  Marine x4  
  59  7:26  Marauder  
  59  7:27  Marauder x2  
  69  7:39  SCV x2, Armory  
  71  7:49  Marine x2  
  71  7:50  Marine x2  
  71  7:51  Marauder, SCV x2  
  78  7:53  Marine  
  78  7:54  Marine  
  81  8:01  Medivac  
  81  8:04  Medivac  
  85  8:07  Marine  
  85  8:08  Widow Mine  
  85  8:09  Widow Mine  
  90  8:16  Supply Depot  
  90  8:24  Marine x4  
  90  8:25  Marine  
  95  8:27  Marine  
  95  8:29  Marine  
  93  9:09  Marine x4  
  93  9:10  Marauder x3, Widow Mine x2  
  93  9:11  Medivac x2  
  100  9:27  Marine  
  97  9:33  Marine x4  
  97  9:34  Marauder x2  
  104  9:41  Medivac x2  
  106  9:52  Marauder  
  97  9:55  Marine x4  
  97  9:56  Marauder x2  
  84  10:11  Medivac  
  84  10:13  Marauder  
  81  10:17  Marine x2  
  81  10:18  Marauder x2, Marine x2  
  87  10:34  Marauder  
  87  10:35  Marine x2  
  85  10:48  Marauder, Marine x2  
  85  10:49  Marauder  
  91  10:53  Marine x2  
  91  10:56  Marauder  
  95  11:09  Marine x2  
  95  11:10  Marauder x2, Widow Mine x2  
  95  11:11  Marine  
  106  11:14  Marine  
  106  11:17  Marauder  
  109  11:24  Supply Depot  
  109  11:27  Marine x2  
  109  11:28  Marine  
  109  11:31  Marauder  
  98  11:49  Marine  
  98  11:50  Marauder x2, Marine x3  
  98  11:53  Marauder  
  97  12:11  Marauder  
  99  12:23  Marine x2  
  99  12:24  Marauder x2, Marine x2  
  107  12:33  Marauder  
  109  12:40  Widow Mine  
  109  12:41  Marine x2  
  109  12:42  Marine x2  
  113  12:45  Marauder, Marine  
  116  12:54  Marine  
  117  12:59  Marine x2  
  118  13:16  Marine  
  118  13:17  Marauder, Marine  
  122  13:27  Marine  
  122  13:28  Marauder, Marine  
  126  13:36  Marine  
  126  13:37  Marine x2  
  125  13:41  Marauder  
Show
View Real Time Build Order
Export as new Build Order

Grumm Protoss 

Build Orders:  

Get SALT Encoding   

  12  0:01  Probe (Chrono Boost)  
  13  0:12  Probe (Chrono Boost)  
  14  0:18  Pylon  
  14  0:22  Probe (Chrono Boost)  
  15  0:36  Probe (Chrono Boost)  
  15  0:39  Gateway  
  16  0:47  Probe (Chrono Boost)  
  17  0:50  Assimilator  
  17  0:57  Probe (Chrono Boost)  
  18  1:08  Probe (Chrono Boost)  
  20  1:18  Probe (Chrono Boost)  
  20  1:20  Pylon  
  20  1:26  Cybernetics Core  
  20  1:29  Probe (Chrono Boost), Zealot  
  23  1:39  Probe (Chrono Boost)  
  24  1:53  Probe (Chrono Boost)  
  25  2:04  Warp Gate  
  25  2:05  Nexus  
  25  2:13  Probe (Chrono Boost)  
  26  2:24  Probe (Chrono Boost)  
  27  2:31  Adept  
  29  2:38  Gateway  
  29  2:42  Pylon  
  29  2:44  Probe (Chrono Boost)  
  30  2:49  Gateway  
  30  2:51  Pylon  
  30  3:07  Probe (Chrono Boost)  
  30  3:08  Adept  
  33  3:13  Assimilator  
  33  3:18  Assimilator, Probe (Chrono Boost)  
  34  3:22  Forge  
  34  3:29  Probe (Chrono Boost)  
  34  3:30  Probe (Chrono Boost)  
  35  3:37  Stalker  
  35  3:39  Adept  
  39  3:42  Sentry  
  39  3:43  Probe (Chrono Boost)  
  42  3:51  Pylon  
  42  3:54  Mothership Core (Chrono Boost)  
  44  4:04  Photon Cannon  
  44  4:10  Photon Cannon  
  44  4:19  Probe (Chrono Boost)  
  45  4:30  Adept  
  47  4:33  Nexus  
  47  4:35  Adept  
  49  4:45  Protoss Ground Weapons Level 1  
  49  4:51  Probe x2 (Chrono Boost)  
  49  4:52  Assimilator  
  51  5:01  Stalker  
  51  5:02  Probe x2 (Chrono Boost)  
  43  5:44  Stalker x2  
  43  5:45  Stalker  
  47  5:51  Twilight Council  
  47  5:54  Robotics Facility  
  47  5:56  Robotics Facility, Probe x2 (Chrono Boost)  
  47  5:58  Probe (Chrono Boost)  
  47  5:59  Pylon  
  47  6:02  Pylon  
  48  6:06  Probe (Chrono Boost)  
  48  6:07  Probe (Chrono Boost)  
  48  6:21  Stalker  
  48  6:22  Zealot x2  
  54  6:27  Photon Cannon  
  54  6:29  Photon Cannon  
  54  6:32  Probe x2 (Chrono Boost)  
  57  6:33  Probe (Chrono Boost)  
  57  6:43  Pylon  
  57  6:48  Zealot  
  57  6:49  Zealot x2  
  57  6:53  Gateway  
  63  6:58  Observer  
  64  7:03  Photon Cannon  
  64  7:06  Photon Cannon  
  64  7:09  Probe (Chrono Boost)  
  64  7:10  Probe x2 (Chrono Boost)  
  63  7:16  Stalker  
  63  7:17  Stalker  
  65  7:31  Photon Cannon  
  65  7:35  Photon Cannon x2  
  65  7:42  Stalker  
  65  7:43  Adept  
  65  7:44  Adept  
  71  8:00  Probe (Chrono Boost)  
  71  8:02  Photon Cannon  
  71  8:03  Pylon  
  72  8:06  Protoss Ground Weapons Level 2, Photon Cannon  
  72  8:08  Pylon  
  72  8:12  Immortal  
  76  8:16  Sentry  
  76  8:17  Sentry  
  80  8:28  Pylon, Probe x3 (Chrono Boost)  
  80  8:29  Assimilator  
  83  8:36  Immortal  
  83  8:38  Probe (Chrono Boost)  
  83  8:39  Probe (Chrono Boost)  
  89  8:43  Adept x2  
  81  9:08  Stalker  
  81  9:10  Stalker x2  
  81  9:15  Mothership Core (Chrono Boost)  
  83  9:32  Stalker  
  83  9:33  Stalker x2  
  79  10:08  Probe (Chrono Boost)  
  79  10:10  Stalker x3  
  79  10:12  Probe (Chrono Boost)  
  81  10:16  Gateway  
  81  10:17  Gateway  
  81  10:20  Pylon  
  67  10:23  Pylon  
  67  10:30  Immortal x2 (Chrono Boost)  
  67  10:34  Stalker x2  
  67  10:35  Stalker  
  69  10:43  Pylon  
  61  10:58  Stalker x3  
  65  11:09  Immortal (Chrono Boost)  
  65  11:11  Mothership Core  
  68  11:12  Immortal (Chrono Boost)  
  68  11:16  Gateway, Photon Cannon  
  68  11:18  Gateway  
  68  11:19  Photon Cannon  
  68  11:22  Stalker x2, Gateway  
  68  11:23  Stalker  
  53  11:50  Stalker  
  53  11:51  Stalker x2  
  53  11:53  Stalker x2  
Tags
 
Add a new tag
Caveats
  • Supply blocks, unpowered buildings, or Contaminate may cause inaccurate times.
  • Supply counts are checked every 10 seconds.